 Dungeon Crawl Stone Soup version 0.28.0-53-g5a82cb258f (webtiles) character file.

Game seed: 16804746562532717318

44 fuccboisucc420 the Covered (level 3, -1/29 HPs)
             Began as a Demonspawn Abyssal Knight on July 19, 2022.
             Was a Believer of Lugonu.
             Slain by Sigmund
             ... wielding a +0 scythe
              (8 damage)
             ... on level 2 of the Dungeon.
             The game lasted 00:06:56 (1585 turns).

fuccboisucc420 the Covered (DsAK)                   Turns: 1585, Time: 00:06:57

Health: -1/29      AC:  6    Str: 15    XL:     3   Next: 39%
Magic:  4/4        EV:  9    Int: 11    God:    Lugonu [**....]
Gold:   22         SH:  0    Dex: 13    Spells: 2/2 levels left

rFire   . . .      SeeInvis .   a - +2 mace
rCold   . . .      Faith    .   (no shield)
rNeg    . . .      Spirit   .   e - +0 scale mail
rPois   .          Reflect  .   (no helmet)
rElec   .          Harm     .   (no cloak)
rCorr   .          Rampage  .   (no gloves)
Will    .....                   (no boots)
Stlth   ..........              (no amulet)
HPRegen 0.09/turn               (no ring)
MPRegen 0.09/turn               (no ring)

@: no status effects
A: spiny 1
a: Renounce Religion, Depart the Abyss, Bend Space


You were on level 2 of the Dungeon.
You worshipped Lugonu.
Lugonu was pleased with you.
You visited 1 branch of the dungeon, and saw 3 of its levels.
You visited the Abyss 1 time.

You collected 52 gold pieces.
You spent 30 gold pieces at shops.

Inventory:

Hand Weapons
 a - a +2 mace (weapon)
Missiles
 c - 68 stones (quivered)
Armour
 e - a +0 scale mail (worn)
Magical Staves
 b - a staff of earth
Scrolls
 d - a scroll of identify
Potions
 f - a potion of curing


   Skills:
 - Level 3.0 Fighting
 - Level 1.7 Maces & Flails
 + Level 3.1 Armour
 + Level 1.6 Dodging
 + Level 0.2 Stealth
 - Level 2.4 Invocations


You had 2 spell levels left.
You didn't know any spells.
Your spell library was empty.

Dungeon Overview and Level Annotations

Branches:
Dungeon (3/15)

Altars:

Shops:
D:2 !

Annotations:
D:2 Sigmund


Innate Abilities, Weirdness & Mutations

You are partially covered in sharp spines.


Message History

f - a potion of curing Thank you for shopping at Toet's Distillery!
Found an escape hatch in the ceiling.
A rat comes into view.
You hit the rat.
You kill the rat!
Lugonu accepts your kill.
There is a stone staircase leading down here.
You climb downwards.
Found a spear.
There is a stone staircase leading up here.
You climb upwards.
Level annotation: Sigmund
There is a stone staircase leading down here.
You see here a rat corpse.
There is a stone staircase leading down here.
You climb downwards.
There is a stone staircase leading up here.
You climb upwards.
Level annotation: Sigmund
There is a stone staircase leading down here.
Found a stone staircase leading up.
Sigmund mumbles some strange words.
Sigmund flickers and vanishes!
Deactivating autopickup; reactivate with Ctrl-A.
Something tries to affect you, but you resist.
You are confused.
You're too confused to move!
You bump into the rock wall.
You bump into the rock wall.
Something hits you but does no damage.
You feel less confused. Something hits you but does no damage.
You thump something! Something hits you!
You miss something. Something hits you!
You barely miss something. You completely miss something. Something hits you.
* * * LOW HITPOINT WARNING * * *
You closely miss something. Something hits you!
You die...

...##############...........# #..
...††.......................# #.#
...#####...#####............###÷.
...# #...#.....#..........#....
..†# #...#.#########....)......
...# #.....#######.........###.
∩..# ##................###<.....
...# ##....#######....#.#........
.### #.....##>..@................
.#####.#......>..{.##.#........#.
†...........#....#....#...###....
.##..###...................# ...#
...........######.###....... .#..
....###..### ..# #.#.##.# ##..
.....##.## #### .... ........ <
......##


There were no monsters in sight!

Vanquished Creatures
  A dart slug (D:1)
  4 bats
  4 endoplasms (D:1)
  6 giant cockroaches
  2 goblins
  A hobgoblin (D:1)
  4 jackals (D:2)
  3 kobolds (D:1)
  4 ball pythons (D:1)
  3 frilled lizards (D:1)
  6 rats
38 creatures vanquished.

Notes
Turn   | Place    | Note
-------+----------+-------------------------------------------
     0 | Abyss:1  | fuccboisucc420 the Demonspawn Abyssal Knight began the
                  | quest for the Orb.
     0 | Abyss:1  | Reached XP level 1. HP: 18/18 MP: 2/2
    13 | D:1      | Escaped the Abyss
   184 | D:1      | Reached skill level 1 in Dodging
   344 | D:1      | Gained mutation: You are partially covered in sharp spines.
                  | [demonic ancestry]
   344 | D:1      | Reached XP level 2. HP: 22/24 MP: 3/3
   737 | D:1      | Reached ** piety under Lugonu
   887 | D:1      | Reached XP level 3. HP: 28/29 MP: 4/4
  1068 | D:2      | Noticed Sigmund
  1487 | D:2      | Found Toet's Distillery.
  1520 | D:2      | Bought a potion of curing for 30 gold pieces
  1585 | D:2      | Slain by Sigmund

Illustrated notes

Levels and vault maps discovered:
D:1:      minmay_arrival_shattered_statue, layout_basic
D:2:      layout_rooms, serial_shops, shop, uniq_sigmund
D:3:      layout_basic, mainiacjoe_overflow_boulevard,
          mainiacjoe_overflow_24_doors, shapermc_ecumenical_altar_petra

Skill      XL: |  1  2 |
---------------+-------+-----
Armour         | 2 3 |  3.1
Dodging        | 1 |  1.6
Fighting       | |  3.0
Maces & Flails | |  1.7
Stealth        | |  0.2
Invocations    | |  2.4

Action                   || total
-------------------------++-------
Melee: Mace              ||    64
Throw: Stone             ||     6
  Use: Scroll            ||     2
Armor: Leather armour    ||    19
       Scale mail        ||    13
Dodge: Dodged            ||    29
